[ AOE2 MATCH · #480557384 ]
UnrankedTupi vs Italians
Player's team · LOSS
Rival team · WIN
[ REPLAY ANALYSIS · EXTRACTED FROM THE RECORDED GAME ]
Feudal
15:36
Castle
19:06
Imperial
—
| APM avg | 50.2 |
| APM peak | 78 |
| eAPM avg | 24.3 |
| Villagers / military | 41 / 3 |
Focus
⚔️ 42.1% · 🌾 57.9%
Fishing Ship ×6 · Unknown (2579) ×5 · Petard ×3 · Unknown (2626) ×2
Feudal
11:46
Castle
20:18
Imperial
—
| APM avg | 51.7 |
| APM peak | 118 |
| eAPM avg | 24.8 |
| Villagers / military | 36 / 9 |
Focus
⚔️ 41.4% · 🌾 58.6%
Fishing Ship ×10 · Unknown (2626) ×6 · Fire Galley ×5 · Scorpion ×2 · Genoese Crossbowman ×2
Match map
Initial resources + every placement click. Lines = walls · curves = elevation contours. ◆ gold · ⬟ stone · ● berries · ✦ relic · ◌ wall gap
Your base· Open — unwalled flank
Ux'Nova's base· Open — unwalled flank
Smoothed initial terrain · ◌ = detected wall gap · hover for details
Inputs per minute
— FMG | ToNGa - - Ux'Nova
Build order — FMG | ToNGa
97 actions detected in the replay
| 0:08 | Build | Town Center |
| 0:36 | Build | Dock |
| 1:02 | Build | Palisade Wall |
| 1:03 | Build | Palisade Wall |
| 1:14 | Build | House |
| 2:14 | Queue | Villager (Male) |
| 2:14 | Queue | Villager (Male) |
| 2:14 | Queue | Villager (Male) |
| 2:14 | Queue | Villager (Male) |
| 2:51 | Queue | Villager (Male) |
| 3:35 | Queue | Fishing Ship |
| 3:41 | Build | House |
| 4:13 | Research | Loom |
| 4:26 | Queue | Fishing Ship |
| 4:46 | Queue | Villager (Male) |
| 5:23 | Queue | Fishing Ship |
| 5:28 | Queue | Villager (Male) |
| 5:28 | Queue | Villager (Male) |
| 5:28 | Queue | Villager (Male) |
| 5:51 | Build | House |
| 6:14 | Queue | Villager (Male) |
| 6:24 | Queue | Villager (Male) |
| 6:39 | Queue | Fishing Ship |
| 6:46 | Build | House |
| 6:55 | Queue | Villager (Male) |
| 6:55 | Queue | Villager (Male) |
| 6:56 | Queue | Villager (Male) |
| 7:20 | Queue | Fishing Ship |
| 7:26 | Queue | Villager (Male) |
| 8:01 | Queue | Fishing Ship |
| 8:02 | Queue | Villager (Male) |
| 8:03 | Queue | Villager (Male) |
| 8:08 | Build | House |
| 8:44 | Queue | Villager (Male) |
| 8:59 | Build | Settlement |
| 9:02 | Queue | Villager (Male) |
| 9:12 | Build | House |
| 9:25 | Queue | Villager (Male) |
| 9:40 | Build | Settlement |
| 9:41 | Queue | Villager (Male) |
| 10:06 | Queue | Villager (Male) |
| 10:15 | Build | Settlement |
| 10:31 | Queue | Villager (Male) |
| 11:03 | Build | Dock |
| 11:20 | Queue | Villager (Male) |
| 11:33 | Queue | Villager (Male) |
| 11:46 | Queue | Villager (Male) |
| 12:30 | Build | Palisade Wall |
| 12:32 | Build | Palisade Wall |
| 12:35 | Build | Palisade Wall |
| 12:36 | Build | Palisade Wall |
| 13:08 | Build | Dock |
| 13:19 | Build | Dock |
| 13:26 | Research | Feudal Age |
| 13:54 | Build | House |
| 15:04 | Build | Settlement |
| 15:10 | Build | Settlement |
| 15:23 | Queue | Villager (Male) |
| 15:23 | Queue | Villager (Male) |
| 15:36 | Age | Feudal Age |
| 15:38 | Build | Market |
| 15:40 | Build | Blacksmith |
| 15:58 | Build | Dock |
| 16:19 | Research | Castle Age |
| 17:14 | Research | Double-Bit Axe |
| 17:41 | Build | Outpost |
| 17:51 | Queue | Unit 2626 |
| 17:51 | Queue | Unit 2626 |
| 17:58 | Research | Fletching |
| 18:22 | Build | Outpost |
| 18:43 | Queue | Villager (Male) |
| 18:44 | Queue | Villager (Male) |
| 18:59 | Build | Outpost |
| 19:06 | Age | Castle Age |
| 19:40 | Build | Castle |
| 19:50 | Queue | Villager (Male) |
| 19:51 | Queue | Villager (Male) |
| 20:04 | Build | Settlement |
| 20:17 | Queue | Unit 2579 |
| 20:17 | Queue | Unit 2579 |
| 20:17 | Queue | Unit 2579 |
| 20:17 | Queue | Unit 2579 |
| 20:18 | Queue | Unit 2579 |
| 20:31 | Queue | Villager (Male) |
| 20:34 | Queue | Villager (Male) |
| 21:33 | Queue | Petard |
| 21:33 | Queue | Petard |
| 21:33 | Queue | Petard |
| 21:50 | Queue | Villager (Male) |
| 21:51 | Queue | Villager (Male) |
| 21:51 | Queue | Villager (Male) |
| 21:51 | Queue | Villager (Male) |
| 22:00 | Build | Settlement |
| 22:43 | Queue | Villager (Male) |
| 23:05 | Build | Siege Workshop |
| 23:21 | Queue | Villager (Male) |
| 23:21 | Queue | Villager (Male) |
Build order — Ux'Nova
122 actions detected in the replay
| 0:29 | Build | Town Center |
| 0:34 | Build | House |
| 0:36 | Build | Dock |
| 2:26 | Queue | Villager (Male) |
| 2:26 | Queue | Villager (Male) |
| 2:27 | Queue | Villager (Male) |
| 2:27 | Queue | Villager (Male) |
| 2:27 | Queue | Villager (Male) |
| 3:28 | Queue | Fishing Ship |
| 3:28 | Queue | Fishing Ship |
| 3:39 | Queue | Villager (Male) |
| 4:07 | Build | House |
| 4:44 | Queue | Villager (Male) |
| 4:45 | Queue | Fishing Ship |
| 5:21 | Queue | Villager (Male) |
| 5:24 | Build | House |
| 5:50 | Queue | Villager (Male) |
| 5:53 | Queue | Fishing Ship |
| 6:10 | Queue | Villager (Male) |
| 6:41 | Queue | Villager (Male) |
| 6:41 | Queue | Fishing Ship |
| 6:52 | Build | House |
| 7:04 | Queue | Villager (Male) |
| 7:17 | Queue | Villager (Male) |
| 7:39 | Queue | Fishing Ship |
| 7:40 | Queue | Villager (Male) |
| 8:20 | Queue | Villager (Male) |
| 8:33 | Queue | Villager (Male) |
| 8:36 | Queue | Villager (Male) |
| 8:51 | Build | Mining Camp |
| 9:10 | Research | Loom |
| 9:19 | Research | Feudal Age |
| 9:36 | Build | House |
| 9:38 | Build | Palisade Wall |
| 10:21 | Queue | Fishing Ship |
| 10:26 | Build | Palisade Wall |
| 10:27 | Build | Palisade Wall |
| 10:49 | Build | Dock |
| 10:55 | Build | House |
| 11:25 | Build | Palisade Wall |
| 11:26 | Build | Palisade Wall |
| 11:29 | Build | Palisade Wall |
| 11:46 | Age | Feudal Age |
| 11:52 | Queue | Villager (Male) |
| 11:53 | Queue | Villager (Male) |
| 12:01 | Queue | Unit 2626 |
| 12:12 | Build | Lumber Camp |
| 12:17 | Queue | Villager (Male) |
| 12:25 | Queue | Unit 2626 |
| 12:27 | Queue | Fire Galley |
| 12:44 | Build | House |
| 12:45 | Queue | Villager (Male) |
| 12:49 | Build | Mill |
| 13:01 | Queue | Fire Galley |
| 13:05 | Research | Tech 906 |
| 13:05 | Research | Tech 906 |
| 13:09 | Queue | Villager (Male) |
| 13:25 | Queue | Villager (Male) |
| 13:28 | Research | Double-Bit Axe |
| 13:41 | Queue | Fishing Ship |
| 13:43 | Build | House |
| 13:54 | Build | Outpost |
| 14:02 | Queue | Villager (Male) |
| 14:09 | Build | House |
| 14:19 | Queue | Unit 2626 |
| 14:41 | Build | House |
| 14:42 | Build | Palisade Wall |
| 14:44 | Queue | Villager (Male) |
| 14:50 | Build | Outpost |
| 14:50 | Build | Outpost |
| 15:06 | Build | Mining Camp |
| 15:13 | Queue | Villager (Male) |
| 15:27 | Queue | Villager (Male) |
| 15:49 | Queue | Fire Galley |
| 16:09 | Queue | Villager (Male) |
| 16:14 | Build | Market |
| 16:26 | Queue | Villager (Male) |
| 16:55 | Queue | Villager (Male) |
| 16:59 | Build | Blacksmith |
| 17:19 | Queue | Fire Galley |
| 17:22 | Queue | Unit 2626 |
| 17:38 | Research | Castle Age |
| 17:54 | Queue | Unit 2626 |
| 18:11 | Queue | Unit 2626 |
| 18:14 | Research | Forging |
| 18:23 | Queue | Fishing Ship |
| 18:39 | Build | House |
| 18:41 | Build | Outpost |
| 19:01 | Build | Palisade Wall |
| 19:20 | Build | Palisade Wall |
| 19:27 | Build | Palisade Wall |
| 19:29 | Build | Palisade Wall |
| 19:29 | Build | Palisade Wall |
| 19:31 | Build | House |
| 19:41 | Queue | Fire Galley |
| 19:53 | Build | Stone Wall |
| 19:57 | Build | Stone Wall |
| 20:06 | Build | Stone Wall |
| 20:17 | Queue | Fishing Ship |
| 20:18 | Age | Castle Age |
| 20:29 | Queue | Villager (Male) |
| 20:39 | Build | Stone Wall |
| 20:48 | Queue | Villager (Male) |
| 20:54 | Build | Castle |
| 21:04 | Build | Stone Wall |
| 21:30 | Build | Siege Workshop |
| 21:31 | Queue | Villager (Male) |
| 21:35 | Build | Palisade Wall |
| 21:37 | Build | Stone Wall |
| 21:38 | Build | Stone Wall |
| 21:41 | Queue | Villager (Male) |
| 21:42 | Research | Gold Mining |
| 22:07 | Queue | Genoese Crossbowman |
| 22:08 | Queue | Genoese Crossbowman |
| 22:11 | Research | Fletching |
| 22:31 | Queue | Scorpion |
| 22:54 | Queue | Villager (Male) |
| 22:57 | Queue | Scorpion |
| 23:14 | Build | Stone Wall |
| 23:17 | Build | Stone Wall |
| 23:21 | Queue | Villager (Male) |
| 23:26 | Build | Fish Trap |
Match timeline
| 0:36 | FMG | ToNGa · first_building Dock |
| 0:36 | Ux'Nova · first_building Dock |
| 1:02 | FMG | ToNGa · wall_segment Palisade Wall x1 |
| 1:03 | FMG | ToNGa · wall_segment Palisade Wall x1 |
| 9:38 | Ux'Nova · wall_segment Palisade Wall x3 |
| 10:26 | Ux'Nova · wall_segment Palisade Wall x3 |
| 10:27 | Ux'Nova · wall_segment Palisade Wall x1 |
| 11:25 | Ux'Nova · wall_segment Palisade Wall x1 |
| 11:26 | Ux'Nova · wall_segment Palisade Wall x1 |
| 11:29 | Ux'Nova · wall_segment Palisade Wall x1 |
| 11:46 | Ux'Nova · age_up feudal |
| 12:30 | FMG | ToNGa · wall_segment Palisade Wall x1 |
| 12:32 | FMG | ToNGa · wall_segment Palisade Wall x1 |
| 12:35 | FMG | ToNGa · wall_segment Palisade Wall x2 |
| 12:36 | FMG | ToNGa · wall_segment Palisade Wall x2 |
| 14:42 | Ux'Nova · wall_segment Palisade Wall x5 |
| 15:36 | FMG | ToNGa · age_up feudal |
| 16:19 | FMG | ToNGa · first_market_buy 100 food |
| 17:35 | Ux'Nova · first_market_buy 100 food |
| 17:36 | Ux'Nova · first_market_sell 100 stone |
| 19:01 | Ux'Nova · wall_segment Palisade Wall x10 |
| 19:06 | FMG | ToNGa · age_up castle |
| 19:20 | Ux'Nova · wall_segment Palisade Wall x4 |
| 19:27 | Ux'Nova · wall_segment Palisade Wall x1 |
| 19:29 | Ux'Nova · wall_segment Palisade Wall x1 |
| 19:29 | Ux'Nova · wall_segment Palisade Wall x1 |
| 19:40 | FMG | ToNGa · first_building Castle |
| 19:53 | Ux'Nova · wall_segment Stone Wall x5 |
| 19:57 | Ux'Nova · wall_segment Stone Wall x8 |
| 20:06 | Ux'Nova · wall_segment Stone Wall x8 |
| 20:18 | Ux'Nova · age_up castle |
| 20:39 | Ux'Nova · wall_segment Stone Wall x12 |
| 20:54 | Ux'Nova · first_building Castle |
| 21:04 | Ux'Nova · wall_segment Stone Wall x1 |
| 21:29 | FMG | ToNGa · first_market_sell 500 wood |
| 21:30 | Ux'Nova · first_building Siege Workshop |
| 21:35 | Ux'Nova · wall_segment Palisade Wall x7 |
| 21:37 | Ux'Nova · wall_segment Stone Wall x1 |
| 21:38 | Ux'Nova · wall_segment Stone Wall x1 |
| 23:05 | FMG | ToNGa · first_building Siege Workshop |
| 23:14 | Ux'Nova · wall_segment Stone Wall x1 |
| 23:17 | Ux'Nova · wall_segment Stone Wall x3 |
| 23:31 | FMG | ToNGa · resign |
[ AI ANALYSIS · 1 CREDIT ]
What really happened in this match?
Wolo.gg analyzes every decision: build order, eco, micro, common mistakes by bracket. Personalized analysis on WhatsApp or Discord in 30 seconds.
Civ guide
Tupi
Perfil
Jugador #2639502